[ AOE2 MATCH · #485227568 ]
Team RMCelts vs Maya
[ REPLAY ANALYSIS · EXTRACTED FROM THE RECORDED GAME ]
Feudal
15:09
Castle
—
Imperial
—
| APM avg | 31.3 |
| APM peak | 63 |
| eAPM avg | 10.1 |
| Villagers / military | 67 / 17 |
Focus
⚔️ 17.6% · 🌾 82.4%
Skirmisher ×17
Feudal
12:04
Castle
17:49
Imperial
—
| APM avg | 25.8 |
| APM peak | 46 |
| eAPM avg | 10.2 |
| Villagers / military | 63 / 18 |
Focus
⚔️ 23.6% · 🌾 76.4%
Spearman ×11 · Petard ×6 · Battering Ram ×1
Feudal
16:49
Castle
28:13
Imperial
—
| APM avg | 13.0 |
| APM peak | 44 |
| eAPM avg | 6.9 |
| Villagers / military | 39 / 11 |
Focus
⚔️ 18.1% · 🌾 81.9%
Scout Cavalry ×9 · Militia ×2
Feudal
18:45
Castle
25:53
Imperial
—
| APM avg | 23.6 |
| APM peak | 67 |
| eAPM avg | 12.8 |
| Villagers / military | 67 / 18 |
Focus
⚔️ 23.3% · 🌾 76.7%
Knight ×9 · Spearman ×4 · War Elephant ×3 · Scout Cavalry ×2
Feudal
13:57
Castle
23:29
Imperial
—
| APM avg | 10.9 |
| APM peak | 24 |
| eAPM avg | 7.0 |
| Villagers / military | 45 / 6 |
Focus
⚔️ 9.5% · 🌾 90.5%
Teutonic Knight ×4 · Battering Ram ×2
Feudal
13:33
Castle
26:22
Imperial
—
| APM avg | 17.8 |
| APM peak | 35 |
| eAPM avg | 10.0 |
| Villagers / military | 48 / 31 |
Focus
⚔️ 27.8% · 🌾 72.2%
Archer ×29 · Spearman ×1 · Mangonel ×1
Match map
Initial resources + every placement click. Lines = walls · curves = elevation contours. ◆ gold · ⬟ stone · ● berries · ✦ relic · ◌ wall gap
Your base· Open — 4t gap
hubert.onraet's base· Open — unwalled flank
CrashBash's base· Open — 5t gap
Kiwi's base· Open — unwalled flank
Kurokami's base· Open — unwalled flank
Mutekis's base· Open — 9t gap
Smoothed initial terrain · ◌ = detected wall gap · hover for details
Inputs per minute
— noot noot - - hubert.onraet
Build order — noot noot
124 actions detected in the replay
| 0:16 | Build | Town Center |
| 2:16 | Build | House |
| 2:20 | Build | House |
| 2:40 | Research | Loom |
| 2:41 | Create | Villager (Male) |
| 2:42 | Create | Villager (Male) |
| 2:42 | Create | Villager (Male) |
| 2:42 | Create | Villager (Male) |
| 3:56 | Create | Villager (Male) |
| 5:31 | Build | Palisade Wall |
| 5:39 | Build | Palisade Wall |
| 5:54 | Create | Villager (Male) |
| 5:55 | Create | Villager (Male) |
| 6:14 | Create | Villager (Male) |
| 6:36 | Create | Villager (Male) |
| 7:24 | Build | Mill |
| 7:53 | Create | Villager (Male) |
| 7:54 | Create | Villager (Male) |
| 8:08 | Build | Lumber Camp |
| 9:01 | Create | Villager (Male) |
| 9:01 | Create | Villager (Male) |
| 9:02 | Create | Villager (Male) |
| 9:02 | Create | Villager (Male) |
| 9:09 | Create | Villager (Male) |
| 9:58 | Build | House |
| 10:02 | Build | House |
| 10:38 | Create | Villager (Male) |
| 11:13 | Create | Villager (Male) |
| 11:13 | Create | Villager (Male) |
| 11:14 | Create | Villager (Male) |
| 11:14 | Create | Villager (Male) |
| 11:14 | Create | Villager (Male) |
| 11:14 | Create | Villager (Male) |
| 11:43 | Create | Villager (Male) |
| 11:43 | Create | Villager (Male) |
| 11:54 | Build | Barracks |
| 12:04 | Build | Palisade Wall |
| 12:59 | Research | Feudal Age |
| 13:19 | Build | Mining Camp |
| 13:59 | Build | House |
| 14:25 | Create | Villager (Male) |
| 14:25 | Create | Villager (Male) |
| 14:57 | Build | Barracks |
| 15:09 | Age | Feudal Age |
| 15:15 | Create | Villager (Male) |
| 15:16 | Create | Villager (Male) |
| 15:16 | Create | Villager (Male) |
| 15:16 | Create | Villager (Male) |
| 15:29 | Build | Market |
| 15:38 | Create | Villager (Male) |
| 15:39 | Create | Villager (Male) |
| 15:39 | Create | Villager (Male) |
| 15:39 | Create | Villager (Male) |
| 15:40 | Create | Villager (Male) |
| 16:02 | Create | Villager (Male) |
| 16:15 | Build | Lumber Camp |
| 16:28 | Build | Farm |
| 16:28 | Build | Farm |
| 16:28 | Build | Farm |
| 16:34 | Create | Villager (Male) |
| 16:34 | Create | Villager (Male) |
| 16:36 | Create | Villager (Male) |
| 17:07 | Create | Villager (Male) |
| 17:47 | Build | Archery Range |
| 18:00 | Create | Villager (Male) |
| 18:00 | Create | Villager (Male) |
| 18:01 | Create | Villager (Male) |
| 18:34 | Create | Skirmisher |
| 18:34 | Create | Skirmisher |
| 18:35 | Create | Skirmisher |
| 19:15 | Create | Skirmisher |
| 19:15 | Create | Skirmisher |
| 19:16 | Create | Skirmisher |
| 19:32 | Build | Archery Range |
| 19:41 | Build | Lumber Camp |
| 20:01 | Build | House |
| 20:05 | Build | House |
| 20:26 | Create | Skirmisher ×3 |
| 20:52 | Create | Skirmisher ×5 |
| 21:33 | Create | Skirmisher |
| 21:33 | Create | Skirmisher |
| 21:33 | Create | Skirmisher |
| 22:46 | Build | House |
| 22:52 | Build | Palisade Gate |
| 22:58 | Build | House |
| 23:04 | Build | Mining Camp |
| 23:07 | Create | Villager (Male) |
| 23:07 | Create | Villager (Male) |
| 23:23 | Build | Mill |
| 23:54 | Create | Villager (Male) |
| 23:58 | Create | Villager (Male) |
| 23:58 | Create | Villager (Male) |
| 24:32 | Build | Farm |
| 24:33 | Build | Farm |
| 24:33 | Build | Farm |
| 24:33 | Build | Farm |
| 24:34 | Build | Farm |
| 24:35 | Build | Farm |
| 25:03 | Build | Watch Tower |
| 25:14 | Create | Villager (Male) ×5 |
| 25:29 | Create | Villager (Male) |
| 25:30 | Create | Villager (Male) |
| 25:30 | Create | Villager (Male) |
| 25:30 | Create | Villager (Male) |
| 25:54 | Build | House |
| 26:09 | Create | Villager (Male) |
| 26:09 | Create | Villager (Male) |
| 26:10 | Create | Villager (Male) |
| 26:10 | Create | Villager (Male) |
| 26:33 | Build | Mill |
| 26:43 | Create | Villager (Male) ×3 |
| 27:10 | Research | Castle Age |
| 27:45 | Build | Mill |
| 27:47 | Build | Farm |
| 27:47 | Build | Farm |
| 27:47 | Build | Farm |
| 27:48 | Build | Farm |
| 27:49 | Build | Farm |
| 27:49 | Build | Farm |
| 27:49 | Build | Farm |
| 27:50 | Build | Farm |
| 27:57 | Create | Villager (Male) |
| 27:58 | Create | Villager (Male) |
| 27:59 | Research | Wheelbarrow |
Build order — hubert.onraet
125 actions detected in the replay
| 0:59 | Build | Town Center |
| 2:24 | Build | Settlement |
| 3:02 | Create | Villager (Male) |
| 3:02 | Create | Villager (Male) |
| 3:02 | Create | Villager (Male) |
| 3:03 | Create | Villager (Male) |
| 4:19 | Create | Villager (Male) |
| 4:20 | Create | Villager (Male) |
| 5:07 | Create | Villager (Male) |
| 5:36 | Create | Villager (Male) |
| 5:36 | Create | Villager (Male) |
| 6:03 | Create | Villager (Male) |
| 6:04 | Create | Villager (Male) |
| 6:08 | Create | Villager (Male) |
| 6:09 | Create | Villager (Male) |
| 7:11 | Create | Villager (Male) |
| 7:11 | Create | Villager (Male) |
| 7:33 | Build | Settlement |
| 8:14 | Create | Villager (Male) |
| 8:15 | Create | Villager (Male) |
| 8:59 | Create | Villager (Male) |
| 9:05 | Research | Loom |
| 9:44 | Research | Feudal Age |
| 10:49 | Create | Villager (Male) |
| 12:04 | Age | Feudal Age |
| 12:20 | Create | Villager (Male) |
| 12:20 | Create | Villager (Male) |
| 12:54 | Create | Villager (Male) |
| 13:20 | Build | Blacksmith |
| 13:54 | Create | Villager (Male) |
| 13:54 | Create | Villager (Male) |
| 14:09 | Build | Market |
| 14:20 | Create | Villager (Male) |
| 14:43 | Create | Villager (Male) |
| 15:02 | Research | Castle Age |
| 16:32 | Create | Villager (Male) |
| 16:33 | Create | Villager (Male) |
| 16:45 | Build | House |
| 16:48 | Build | Stone Wall |
| 16:53 | Build | Settlement |
| 17:01 | Build | Gate |
| 17:49 | Age | Castle Age |
| 17:51 | Build | Town Center |
| 18:09 | Research | Scale Mail Armor |
| 18:10 | Research | Fletching |
| 18:15 | Research | Double-Bit Axe |
| 18:16 | Research | Horse Collar |
| 18:54 | Build | Town Center |
| 18:59 | Create | Villager (Male) |
| 19:00 | Create | Villager (Male) |
| 19:00 | Create | Villager (Male) |
| 19:00 | Create | Villager (Male) |
| 19:22 | Create | Villager (Male) |
| 19:22 | Create | Villager (Male) |
| 19:23 | Create | Villager (Male) |
| 19:23 | Create | Villager (Male) |
| 20:18 | Build | Barracks |
| 20:54 | Create | Villager (Male) |
| 20:55 | Create | Villager (Male) |
| 21:17 | Create | Spearman |
| 21:17 | Create | Spearman |
| 21:24 | Build | Palisade Wall |
| 21:25 | Build | Palisade Wall |
| 21:27 | Build | Palisade Wall |
| 21:43 | Build | Palisade Wall |
| 21:45 | Create | Spearman |
| 21:49 | Create | Villager (Male) |
| 21:49 | Create | Villager (Male) |
| 21:59 | Build | Archery Range |
| 22:02 | Create | Villager (Male) |
| 22:10 | Create | Villager (Male) |
| 22:11 | Create | Villager (Male) |
| 22:15 | Research | Chain Mail Armor |
| 22:44 | Create | Spearman |
| 22:44 | Create | Spearman |
| 22:54 | Create | Petard |
| 22:54 | Create | Petard |
| 23:16 | Create | Spearman |
| 23:16 | Create | Spearman |
| 23:27 | Build | Barracks |
| 23:42 | Build | Settlement |
| 24:01 | Build | Settlement |
| 24:16 | Create | Villager (Male) |
| 24:16 | Create | Villager (Male) |
| 24:17 | Create | Villager (Male) |
| 24:17 | Create | Villager (Male) |
| 24:17 | Create | Villager (Male) |
| 24:23 | Create | Spearman |
| 24:23 | Create | Spearman |
| 25:29 | Build | Settlement |
| 25:39 | Create | Villager (Male) |
| 25:39 | Create | Villager (Male) |
| 26:03 | Research | Squires |
| 26:03 | Research | Arson |
| 26:04 | Create | Spearman |
| 26:04 | Create | Spearman |
| 26:14 | Create | Petard |
| 26:14 | Create | Petard |
| 26:40 | Create | Petard |
| 26:41 | Create | Petard |
| 26:57 | Build | Siege Workshop |
| 27:18 | Build | Castle |
| 27:56 | Create | Battering Ram |
| 27:58 | Create | Villager (Male) |
| 27:58 | Create | Villager (Male) |
| 27:58 | Create | Villager (Male) |
| 27:59 | Create | Villager (Male) |
| 27:59 | Create | Villager (Male) |
| 28:43 | Build | Settlement |
| 28:52 | Create | Villager (Male) |
| 28:52 | Create | Villager (Male) |
| 28:52 | Create | Villager (Male) |
| 28:53 | Create | Villager (Male) |
| 29:10 | Build | Settlement |
| 29:47 | Create | Villager (Male) |
| 29:47 | Create | Villager (Male) |
| 29:48 | Create | Villager (Male) |
| 29:48 | Create | Villager (Male) |
| 29:57 | Build | Settlement |
| 30:36 | Build | Farm |
| 30:36 | Build | Farm |
| 30:36 | Build | Farm |
| 30:37 | Build | Farm |
| 30:37 | Build | Farm |
| 30:37 | Build | Farm |
Build order — CrashBash
103 actions detected in the replay
| 0:10 | Build | House |
| 0:12 | Build | House |
| 0:15 | Build | Mill |
| 0:38 | Build | Town Center |
| 2:24 | Build | House |
| 3:10 | Create | Villager (Male) ×4 |
| 3:29 | Research | Loom |
| 3:40 | Create | Villager (Male) |
| 4:42 | Build | Farm |
| 5:14 | Build | Farm |
| 5:20 | Create | Villager (Male) |
| 6:02 | Build | Farm |
| 6:04 | Create | Villager (Male) |
| 6:31 | Create | Villager (Male) |
| 7:16 | Create | Villager (Male) |
| 7:38 | Create | Villager (Male) |
| 7:58 | Build | Barracks |
| 8:27 | Create | Villager (Male) |
| 8:37 | Create | Villager (Male) |
| 8:49 | Build | Lumber Camp |
| 8:58 | Build | Farm |
| 9:39 | Build | Farm |
| 9:49 | Create | Villager (Male) |
| 9:49 | Create | Villager (Male) |
| 9:50 | Create | Villager (Male) |
| 10:27 | Build | House |
| 10:30 | Build | House |
| 10:32 | Create | Villager (Male) |
| 10:45 | Build | Farm |
| 11:05 | Create | Villager (Male) |
| 11:08 | Build | Farm |
| 11:36 | Build | Farm |
| 12:05 | Build | Farm |
| 12:24 | Build | House |
| 12:26 | Build | House |
| 12:28 | Build | House |
| 12:31 | Build | House |
| 12:59 | Create | Villager (Male) |
| 12:59 | Create | Villager (Male) |
| 13:00 | Create | Villager (Male) |
| 13:29 | Build | Farm |
| 14:04 | Create | Villager (Male) |
| 14:08 | Build | Mining Camp |
| 14:32 | Research | Feudal Age |
| 14:43 | Build | Barracks |
| 15:06 | Build | Farm |
| 15:11 | Create | Villager (Male) |
| 15:13 | Create | Villager (Male) |
| 15:53 | Create | Militia |
| 15:54 | Create | Militia |
| 16:30 | Build | Mining Camp |
| 16:49 | Age | Feudal Age |
| 16:56 | Build | Stable |
| 17:12 | Research | Double-Bit Axe |
| 17:23 | Create | Villager (Male) |
| 17:28 | Create | Scout Cavalry |
| 17:28 | Create | Scout Cavalry |
| 17:31 | Create | Scout Cavalry |
| 18:23 | Build | Blacksmith |
| 18:28 | Create | Villager (Male) |
| 18:32 | Create | Scout Cavalry |
| 18:56 | Create | Villager (Male) |
| 18:56 | Create | Villager (Male) |
| 18:56 | Create | Villager (Male) |
| 19:15 | Build | Market |
| 19:20 | Build | House |
| 19:27 | Create | Villager (Male) |
| 19:27 | Create | Villager (Male) |
| 19:30 | Build | Farm |
| 19:56 | Build | Farm |
| 20:30 | Create | Scout Cavalry |
| 20:30 | Create | Scout Cavalry |
| 20:30 | Create | Scout Cavalry |
| 20:36 | Build | Farm |
| 20:37 | Create | Villager (Male) |
| 21:42 | Research | Bloodlines |
| 21:52 | Research | Scale Barding Armor |
| 23:19 | Create | Villager (Male) |
| 23:21 | Create | Villager (Male) |
| 23:38 | Research | Man-at-Arms (upgrade) |
| 23:39 | Research | Arson |
| 23:46 | Research | Arson |
| 23:54 | Build | Farm |
| 23:55 | Create | Villager (Male) |
| 24:09 | Build | Farm |
| 24:17 | Build | Stable |
| 24:21 | Build | House |
| 25:31 | Research | Gold Mining |
| 25:33 | Research | Castle Age |
| 25:45 | Create | Scout Cavalry |
| 25:47 | Create | Scout Cavalry |
| 28:03 | Research | Wheelbarrow |
| 28:13 | Age | Castle Age |
| 28:27 | Build | Town Center |
| 30:06 | Create | Villager (Male) ×5 |
| 30:16 | Build | Farm |
| 30:16 | Build | Farm |
| 30:16 | Build | Farm |
| 30:17 | Build | Farm |
| 30:17 | Build | Farm |
| 30:17 | Build | Farm |
| 30:18 | Build | Farm |
| 30:57 | Build | Monastery |
Build order — Kiwi
145 actions detected in the replay
| 1:07 | Build | Town Center |
| 2:37 | Build | House |
| 2:38 | Build | House |
| 2:40 | Build | House |
| 3:14 | Create | Villager (Male) |
| 3:14 | Create | Villager (Male) |
| 3:15 | Create | Villager (Male) |
| 3:15 | Create | Villager (Male) |
| 3:15 | Create | Villager (Male) |
| 4:46 | Create | Villager (Male) |
| 5:17 | Create | Villager (Male) |
| 5:17 | Create | Villager (Male) |
| 5:40 | Create | Villager (Male) |
| 5:40 | Create | Villager (Male) |
| 5:40 | Create | Villager (Male) |
| 5:55 | Create | Villager (Male) |
| 5:55 | Create | Villager (Male) |
| 6:34 | Create | Villager (Male) |
| 6:34 | Create | Villager (Male) |
| 6:35 | Create | Villager (Male) |
| 6:58 | Create | Villager (Male) |
| 6:58 | Create | Villager (Male) |
| 6:58 | Create | Villager (Male) |
| 7:26 | Create | Villager (Male) |
| 7:26 | Create | Villager (Male) |
| 7:46 | Create | Villager (Male) |
| 7:47 | Create | Villager (Male) |
| 8:23 | Create | Villager (Male) |
| 8:23 | Create | Villager (Male) |
| 8:38 | Create | Villager (Male) |
| 8:38 | Create | Villager (Male) |
| 8:42 | Create | Villager (Male) |
| 8:42 | Create | Villager (Male) |
| 9:08 | Create | Villager (Male) |
| 9:08 | Create | Villager (Male) |
| 9:08 | Create | Villager (Male) |
| 9:22 | Create | Villager (Male) |
| 9:22 | Create | Villager (Male) |
| 9:23 | Create | Villager (Male) |
| 9:41 | Create | Villager (Male) |
| 10:02 | Create | Villager (Male) |
| 10:02 | Create | Villager (Male) |
| 10:18 | Build | House |
| 10:19 | Build | House |
| 10:20 | Build | House |
| 10:22 | Create | Villager (Male) |
| 10:22 | Create | Villager (Male) |
| 10:33 | Research | Loom |
| 10:41 | Build | Palisade Gate |
| 10:46 | Build | Palisade Gate |
| 10:47 | Build | Palisade Gate |
| 10:52 | Create | Villager (Male) |
| 10:52 | Create | Villager (Male) |
| 11:03 | Create | Villager (Male) |
| 11:03 | Create | Villager (Male) |
| 12:03 | Create | Villager (Male) |
| 12:03 | Create | Villager (Male) |
| 12:35 | Create | Villager (Male) |
| 12:36 | Create | Villager (Male) |
| 13:04 | Build | Lumber Camp |
| 13:06 | Create | Villager (Male) |
| 13:22 | Build | House |
| 13:40 | Build | Lumber Camp |
| 14:28 | Create | Villager (Male) |
| 14:28 | Create | Villager (Male) |
| 14:28 | Create | Villager (Male) |
| 14:28 | Create | Villager (Male) |
| 14:29 | Create | Villager (Male) |
| 14:45 | Create | Villager (Male) |
| 15:39 | Build | Mill |
| 15:54 | Create | Villager (Male) |
| 15:55 | Create | Villager (Male) |
| 16:21 | Build | House |
| 16:22 | Build | House |
| 16:38 | Research | Feudal Age |
| 16:39 | Research | Feudal Age |
| 16:43 | Build | Barracks |
| 16:46 | Build | House |
| 16:50 | Build | Palisade Wall |
| 17:08 | Build | Palisade Wall |
| 17:10 | Build | Palisade Wall |
| 17:11 | Build | Palisade Wall |
| 17:13 | Build | Palisade Wall |
| 17:21 | Build | Palisade Wall |
| 17:22 | Build | Palisade Wall |
| 17:33 | Create | Villager (Male) |
| 17:33 | Create | Villager (Male) |
| 17:56 | Build | Palisade Wall |
| 17:59 | Build | Palisade Wall |
| 18:04 | Build | Palisade Wall |
| 18:24 | Build | Palisade Wall |
| 18:26 | Build | Palisade Wall |
| 18:36 | Build | Palisade Wall |
| 18:45 | Age | Feudal Age |
| 18:47 | Build | Palisade Wall |
| 18:47 | Build | Palisade Wall |
| 18:50 | Create | Villager (Male) |
| 18:51 | Create | Villager (Male) |
| 19:12 | Build | Mill |
| 19:27 | Build | Mining Camp |
| 19:44 | Build | Palisade Gate |
| 20:00 | Build | Palisade Gate |
| 20:38 | Create | Spearman |
| 20:38 | Create | Spearman |
| 21:23 | Create | Spearman |
| 21:24 | Create | Spearman |
| 21:42 | Build | Stable |
| 22:28 | Create | Villager (Male) |
| 22:28 | Create | Villager (Male) |
| 23:05 | Build | Blacksmith |
| 23:28 | Research | Castle Age |
| 23:28 | Research | Castle Age |
| 23:28 | Research | Castle Age |
| 23:32 | Create | Scout Cavalry |
| 23:32 | Create | Scout Cavalry |
| 24:58 | Research | Gold Mining |
| 24:59 | Research | Stone Mining |
| 24:59 | Research | Stone Mining |
| 25:02 | Research | Horse Collar |
| 25:04 | Research | Double-Bit Axe |
| 25:04 | Research | Double-Bit Axe |
| 25:47 | Create | Villager (Male) |
| 25:47 | Create | Villager (Male) |
| 25:53 | Age | Castle Age |
| 26:12 | Build | Castle |
| 26:39 | Build | Town Center |
| 27:01 | Build | Market |
| 27:03 | Create | Villager (Male) |
| 27:03 | Create | Villager (Male) |
| 27:18 | Build | House |
| 27:24 | Build | House |
| 28:12 | Create | War Elephant |
| 28:12 | Create | War Elephant |
| 28:12 | Create | War Elephant |
| 28:18 | Create | Knight |
| 28:18 | Create | Knight |
| 28:18 | Create | Knight |
| 28:19 | Create | Knight |
| 29:38 | Create | Knight |
| 29:38 | Create | Knight |
| 29:38 | Create | Knight |
| 30:03 | Build | Lumber Camp |
| 30:04 | Build | Lumber Camp |
| 30:35 | Create | Knight |
| 30:35 | Create | Knight |
Build order — Kurokami
115 actions detected in the replay
| 0:28 | Build | Town Center |
| 2:42 | Create | Villager (Male) |
| 2:42 | Create | Villager (Male) |
| 2:42 | Create | Villager (Male) |
| 2:43 | Create | Villager (Male) |
| 2:43 | Create | Villager (Male) |
| 2:43 | Create | Villager (Male) |
| 2:44 | Research | Loom |
| 3:05 | Build | House |
| 4:08 | Build | Lumber Camp |
| 4:18 | Create | Villager (Male) |
| 4:27 | Build | House |
| 5:03 | Create | Villager (Male) |
| 5:38 | Create | Villager (Male) |
| 6:11 | Create | Villager (Male) |
| 6:41 | Build | Mill |
| 7:39 | Create | Villager (Male) |
| 7:45 | Create | Villager (Male) |
| 7:46 | Create | Villager (Male) |
| 7:47 | Create | Villager (Male) |
| 8:09 | Build | House |
| 9:14 | Create | Villager (Male) |
| 9:55 | Build | Barracks |
| 11:47 | Research | Feudal Age |
| 11:51 | Build | Farm |
| 11:51 | Build | Farm |
| 11:52 | Build | Farm |
| 11:52 | Build | Farm |
| 11:52 | Build | Farm |
| 11:54 | Build | Farm |
| 11:55 | Build | Farm |
| 12:52 | Build | House |
| 13:10 | Create | Villager (Male) |
| 13:10 | Create | Villager (Male) |
| 13:11 | Create | Villager (Male) |
| 13:11 | Create | Villager (Male) |
| 13:11 | Create | Villager (Male) |
| 13:36 | Build | Lumber Camp |
| 13:57 | Age | Feudal Age |
| 14:08 | Research | Horse Collar |
| 14:11 | Research | Double-Bit Axe |
| 14:42 | Build | Market |
| 15:50 | Build | Blacksmith |
| 16:04 | Create | Villager (Male) |
| 16:04 | Create | Villager (Male) |
| 16:04 | Create | Villager (Male) |
| 16:05 | Create | Villager (Male) |
| 16:05 | Create | Villager (Male) |
| 16:10 | Build | House |
| 16:39 | Build | Mining Camp |
| 17:34 | Build | Mining Camp |
| 18:10 | Create | Villager (Male) |
| 18:10 | Create | Villager (Male) |
| 18:10 | Create | Villager (Male) |
| 18:11 | Create | Villager (Male) |
| 18:13 | Create | Villager (Male) |
| 18:19 | Build | House |
| 18:27 | Research | Gold Mining |
| 18:30 | Research | Stone Mining |
| 20:14 | Build | Farm |
| 20:15 | Build | Farm |
| 20:16 | Build | Farm |
| 20:16 | Build | Farm |
| 20:49 | Research | Castle Age |
| 20:57 | Build | House |
| 21:55 | Create | Villager (Male) |
| 21:56 | Create | Villager (Male) |
| 21:56 | Create | Villager (Male) |
| 21:56 | Create | Villager (Male) |
| 22:04 | Build | Farm |
| 22:04 | Build | Farm |
| 22:05 | Build | Farm |
| 22:08 | Build | Farm |
| 22:09 | Build | Farm |
| 22:13 | Create | Villager (Male) |
| 22:20 | Build | House |
| 22:38 | Build | Farm |
| 22:51 | Research | Fletching |
| 23:22 | Build | Farm |
| 23:23 | Build | Farm |
| 23:23 | Build | Farm |
| 23:28 | Build | Farm |
| 23:29 | Age | Castle Age |
| 23:49 | Build | Farm |
| 24:11 | Build | Castle |
| 24:19 | Research | Bodkin Arrow |
| 25:02 | Research | Heavy Plow |
| 25:16 | Research | Bow Saw |
| 25:35 | Build | University |
| 25:46 | Research | Wheelbarrow |
| 26:21 | Build | Lumber Camp |
| 26:29 | Build | Lumber Camp |
| 26:41 | Research | Ballistics |
| 26:53 | Create | Villager (Male) |
| 26:53 | Create | Villager (Male) |
| 26:54 | Create | Villager (Male) |
| 26:54 | Create | Villager (Male) |
| 26:54 | Create | Villager (Male) |
| 26:59 | Build | Mining Camp |
| 27:56 | Research | Hand Cart |
| 28:26 | Build | Siege Workshop |
| 28:32 | Create | Teutonic Knight |
| 28:32 | Create | Teutonic Knight |
| 28:41 | Research | Stone Shaft Mining |
| 29:32 | Create | Battering Ram |
| 29:32 | Create | Battering Ram |
| 29:51 | Create | Villager (Male) |
| 29:52 | Create | Villager (Male) |
| 29:52 | Create | Villager (Male) |
| 29:52 | Create | Villager (Male) |
| 29:53 | Create | Villager (Male) |
| 30:11 | Build | Lumber Camp |
| 30:25 | Create | Teutonic Knight |
| 30:25 | Create | Teutonic Knight |
| 31:02 | Build | Castle |
Build order — Mutekis
149 actions detected in the replay
| 1:01 | Build | Town Center |
| 2:18 | Build | House |
| 3:05 | Build | House |
| 3:41 | Create | Villager (Male) |
| 3:41 | Create | Villager (Male) |
| 3:41 | Create | Villager (Male) |
| 3:41 | Create | Villager (Male) |
| 4:46 | Create | Villager (Male) |
| 4:46 | Create | Villager (Male) |
| 4:46 | Create | Villager (Male) |
| 5:10 | Build | Lumber Camp |
| 5:30 | Create | Villager (Male) |
| 5:31 | Create | Villager (Male) |
| 5:59 | Create | Villager (Male) |
| 6:25 | Create | Villager (Male) |
| 6:59 | Build | Mill |
| 7:06 | Create | Villager (Male) |
| 7:08 | Create | Villager (Male) |
| 7:39 | Build | House |
| 7:47 | Create | Villager (Male) |
| 8:28 | Create | Villager (Male) |
| 8:28 | Create | Villager (Male) |
| 8:29 | Create | Villager (Male) |
| 8:29 | Create | Villager (Male) |
| 8:55 | Create | Villager (Male) |
| 9:36 | Create | Villager (Male) |
| 9:47 | Build | Mill |
| 10:09 | Build | House |
| 10:54 | Research | Loom |
| 11:21 | Research | Feudal Age |
| 11:21 | Research | Feudal Age |
| 11:43 | Build | Mining Camp |
| 12:45 | Build | Barracks |
| 12:49 | Build | Palisade Wall |
| 13:05 | Create | Villager (Male) |
| 13:05 | Create | Villager (Male) |
| 13:05 | Create | Villager (Male) |
| 13:28 | Create | Villager (Male) |
| 13:29 | Create | Villager (Male) |
| 13:33 | Age | Feudal Age |
| 13:51 | Build | Archery Range |
| 14:01 | Research | Double-Bit Axe |
| 14:01 | Research | Double-Bit Axe |
| 14:45 | Research | Horse Collar |
| 14:51 | Build | House |
| 14:52 | Create | Archer |
| 14:52 | Create | Archer |
| 15:00 | Build | House |
| 15:12 | Build | Farm |
| 15:29 | Create | Archer |
| 15:44 | Create | Spearman |
| 15:46 | Create | Villager (Male) |
| 15:49 | Create | Archer |
| 16:02 | Build | Palisade Wall |
| 16:09 | Build | Farm |
| 16:09 | Build | Farm |
| 16:09 | Build | Farm |
| 16:16 | Create | Archer |
| 16:43 | Build | Palisade Wall |
| 16:45 | Create | Archer |
| 16:47 | Create | Villager (Male) |
| 16:48 | Build | Farm |
| 16:49 | Build | Farm |
| 17:29 | Create | Archer |
| 17:30 | Create | Villager (Male) |
| 17:30 | Create | Villager (Male) |
| 17:30 | Create | Villager (Male) |
| 17:30 | Create | Villager (Male) |
| 17:31 | Create | Villager (Male) |
| 17:35 | Build | House |
| 17:42 | Build | House |
| 17:45 | Create | Archer |
| 17:45 | Create | Archer |
| 18:08 | Build | Mill |
| 18:09 | Build | Farm |
| 18:09 | Build | Farm |
| 18:09 | Build | Farm |
| 18:09 | Build | Farm |
| 19:09 | Create | Archer |
| 19:10 | Create | Villager (Male) |
| 19:13 | Build | Farm |
| 19:15 | Build | Farm |
| 19:26 | Build | House |
| 19:28 | Create | Villager (Male) |
| 20:11 | Create | Villager (Male) |
| 20:28 | Create | Archer |
| 20:28 | Create | Archer |
| 20:29 | Create | Archer |
| 20:34 | Build | House |
| 20:35 | Build | House |
| 20:42 | Build | Farm |
| 20:44 | Build | Farm |
| 20:47 | Build | Farm |
| 20:49 | Create | Villager (Male) |
| 21:14 | Create | Archer |
| 21:33 | Build | Farm |
| 21:35 | Build | Farm |
| 22:17 | Build | Market |
| 22:24 | Create | Villager (Male) |
| 22:27 | Research | Wheelbarrow |
| 23:14 | Research | Castle Age |
| 23:22 | Build | Archery Range |
| 23:55 | Build | Lumber Camp |
| 24:11 | Create | Archer |
| 24:11 | Create | Archer |
| 24:37 | Create | Archer |
| 24:37 | Create | Archer |
| 24:37 | Create | Archer |
| 24:51 | Research | Gold Mining |
| 25:09 | Build | Palisade Wall |
| 25:33 | Build | Blacksmith |
| 25:38 | Create | Villager (Male) |
| 25:38 | Create | Villager (Male) |
| 25:39 | Create | Villager (Male) |
| 25:39 | Create | Villager (Male) |
| 25:39 | Create | Villager (Male) |
| 25:39 | Create | Villager (Male) |
| 26:18 | Create | Archer |
| 26:18 | Create | Archer |
| 26:22 | Age | Castle Age |
| 26:25 | Build | Siege Workshop |
| 26:30 | Research | Fletching |
| 26:47 | Build | Palisade Wall |
| 26:54 | Build | Palisade Wall |
| 27:05 | Build | House |
| 27:06 | Build | House |
| 27:07 | Build | House |
| 27:10 | Create | Villager (Male) |
| 27:12 | Build | Mining Camp |
| 27:29 | Create | Mangonel |
| 27:34 | Build | House |
| 27:37 | Research | Bodkin Arrow |
| 27:53 | Research | Crossbowman (upgrade) |
| 28:00 | Research | Bow Saw |
| 28:14 | Create | Villager (Male) |
| 28:59 | Create | Villager (Male) |
| 28:59 | Create | Villager (Male) |
| 28:59 | Create | Villager (Male) |
| 29:33 | Research | Thumb Ring |
| 29:34 | Create | Archer |
| 29:35 | Create | Archer |
| 29:35 | Create | Archer |
| 29:35 | Create | Archer |
| 29:36 | Create | Archer |
| 29:37 | Create | Archer |
| 30:10 | Build | Town Center |
| 30:20 | Create | Archer |
| 30:20 | Create | Archer |
| 31:13 | Build | Monastery |
Match timeline
| 5:31 | noot noot · wall_segment Palisade Wall x1 |
| 5:39 | noot noot · wall_segment Palisade Wall x1 |
| 7:58 | CrashBash · first_building Barracks |
| 9:55 | Kurokami · first_building Barracks |
| 11:54 | noot noot · first_building Barracks |
| 12:04 | hubert.onraet · age_up feudal |
| 12:04 | noot noot · wall_segment Palisade Wall x1 |
| 12:45 | Mutekis · first_building Barracks |
| 12:49 | Mutekis · wall_segment Palisade Wall x1 |
| 13:33 | Mutekis · age_up feudal |
| 13:51 | Mutekis · first_building Archery Range |
| 13:57 | Kurokami · age_up feudal |
| 15:09 | noot noot · age_up feudal |
| 16:02 | Mutekis · wall_segment Palisade Wall x6 |
| 16:43 | Kiwi · first_building Barracks |
| 16:43 | Mutekis · wall_segment Palisade Wall x6 |
| 16:48 | hubert.onraet · wall_segment Stone Wall x3 |
| 16:49 | CrashBash · age_up feudal |
| 16:50 | Kiwi · wall_segment Palisade Wall x4 |
| 16:56 | CrashBash · first_building Stable |
| 17:08 | Kiwi · wall_segment Palisade Wall x4 |
| 17:10 | Kiwi · wall_segment Palisade Wall x5 |
| 17:11 | Kiwi · wall_segment Palisade Wall x5 |
| 17:13 | Kiwi · wall_segment Palisade Wall x6 |
| 17:21 | Kiwi · wall_segment Palisade Wall x1 |
| 17:22 | Kiwi · wall_segment Palisade Wall x1 |
| 17:47 | noot noot · first_building Archery Range |
| 17:49 | hubert.onraet · age_up castle |
| 17:56 | Kiwi · wall_segment Palisade Wall x6 |
| 17:59 | Kiwi · wall_segment Palisade Wall x3 |
| 18:04 | Kiwi · wall_segment Palisade Wall x7 |
| 18:24 | Kiwi · wall_segment Palisade Wall x3 |
| 18:26 | Kiwi · wall_segment Palisade Wall x1 |
| 18:36 | Kiwi · wall_segment Palisade Wall x5 |
| 18:45 | Kiwi · age_up feudal |
| 18:47 | Kiwi · wall_segment Palisade Wall x10 |
| 18:47 | Kiwi · wall_segment Palisade Wall x2 |
| 19:27 | noot noot · first_market_buy 100 wood |
| 20:18 | hubert.onraet · first_building Barracks |
| 20:30 | Kurokami · first_market_buy 100 food |
| 20:32 | Kurokami · first_market_sell 100 wood |
| 20:45 | noot noot · first_market_sell 500 stone |
| 21:24 | hubert.onraet · wall_segment Palisade Wall x1 |
| 21:25 | hubert.onraet · wall_segment Palisade Wall x1 |
| 21:27 | hubert.onraet · wall_segment Palisade Wall x1 |
| 21:42 | Kiwi · first_building Stable |
| 21:43 | hubert.onraet · wall_segment Palisade Wall x1 |
| 21:59 | hubert.onraet · first_building Archery Range |
| 23:29 | Kurokami · age_up castle |
| 24:11 | Kurokami · first_building Castle |
| 24:34 | CrashBash · first_market_buy 100 food |
| 24:38 | CrashBash · first_market_sell 100 stone |
| 25:09 | Mutekis · wall_segment Palisade Wall x10 |
| 25:53 | Kiwi · age_up castle |
| 26:12 | Kiwi · first_building Castle |
| 26:22 | Mutekis · age_up castle |
| 26:25 | Mutekis · first_building Siege Workshop |
| 26:47 | Mutekis · wall_segment Palisade Wall x8 |
| 26:54 | Mutekis · wall_segment Palisade Wall x9 |
| 26:57 | hubert.onraet · first_building Siege Workshop |
| 27:18 | hubert.onraet · first_building Castle |
| 28:09 | Kiwi · first_market_buy 100 food |
| 28:13 | CrashBash · age_up castle |
| 28:26 | Kurokami · first_building Siege Workshop |
| 28:40 | noot noot · resign |
| 29:35 | Kiwi · first_market_sell 100 wood |
| 30:57 | CrashBash · first_building Monastery |
| 31:01 | Mutekis · first_market_sell 100 food |
| 31:13 | Mutekis · first_building Monastery |
[ AI ANALYSIS · 1 CREDIT ]
What really happened in this match?
Wolo.gg analyzes every decision: build order, eco, micro, common mistakes by bracket. Personalized analysis on WhatsApp or Discord in 30 seconds.
Civ guide
Celts
Map guide
African Clearing
Perfil
noot noot